|
||||||||||||||||||||||||||||||||||||||||||||||||||||||||||||||||||||||||||||||||
| ||||||||||||||||||||||||||||||||||||||||||||||||||||||||||||||||||||||||||||||||
| Bottom of the 3rd over - 0 runs, 0 hits, 0 errors, 0 left on base; Oakland 1 - Miami Beach 0 | ||||||||||||||||||||||||||||||||||||||||||||||||||||||||||||||||||||||||||||||||
| TOP OF THE 4TH | |
|---|---|
| Oakland Oaks batting - Pitching for Miami Beach Marlins : LHP Byron Copeland | |
| Batting: RHB Scott Lister |
0-0: Swinging Strike 0-1: Ball 1-1: Called Strike 1-2: Strikes out looking |
| Batting: RHB Chris Temple |
0-0: Ball 1-0: SINGLE (Line Drive, 9S, EV 101.9 MPH) |
| Batting: RHB Walt Alaniz |
0-0: Called Strike 0-1: Called Strike 0-2: SINGLE (Line Drive, 89S, EV 97.5 MPH) Chris Temple to second |
| Batting: RHB Travis Robinson |
0-0: Ball 1-0: Ball 2-0: Foul Ball, location: 2F 2-1: Foul Ball, location: 2F 2-2: SINGLE (Line Drive, 34D, EV 95.0 MPH) Chris Temple to third Walt Alaniz to second |
| Batting: LHB Ed Talamantes |
0-0: Called Strike 0-1: Foul Ball, location: 2F 0-2: Foul Ball, location: 2F 0-2: DOUBLE (Line Drive, 78XD, EV 109.4 MPH) Chris Temple scores Walt Alaniz scores Travis Robinson to third |
| Batting: RHB Mike Gangi |
0-0: Ball 1-0: Foul Ball, location: 2F 1-1: Reached on error, E6 (Groundball, 6, EV 82.5 MPH) Travis Robinson scores Ed Talamantes scores |
| Batting: RHB Ricardo Claros | 0-0: Fly out, F9 (Flyball, 9S, EV 88.8 MPH) |
| Batting: RHB Tim Anderson |
0-0: Reached on error, E5 (Groundball, 56S, EV 87.5 MPH) Mike Gangi to third |
| Batting: RHB Chris Bohm |
0-0: Swinging Strike 0-1: Ball 1-1: Called Strike 1-2: Strikes out swinging |
| Top of the 4th over - 4 runs, 4 hits, 2 errors, 2 left on base; Oakland 5 - Miami Beach 0 | |
| BOTTOM OF THE 4TH | |
|---|---|
| Miami Beach Marlins batting - Pitching for Oakland Oaks : RHP Jasper Schrijver | |
| Batting: LHB Dong-u Chang |
0-0: Called Strike 0-1: Ground out 5-3 (Groundball, 56S, EV 87.5 MPH) |
| Batting: RHB Alberto Bravo | 0-0: Ground out 5-3 (Groundball, 56, EV 107.5 MPH) |
| Batting: RHB Reomel Somera |
0-0: Called Strike 0-1: Ground out 5-3 (Groundball, 56, EV 105.6 MPH) |
| Bottom of the 4th over - 0 runs, 0 hits, 0 errors, 0 left on base; Oakland 5 - Miami Beach 0 | |
| TOP OF THE 5TH | |
|---|---|
| Oakland Oaks batting - Pitching for Miami Beach Marlins : LHP Byron Copeland | |
| Batting: RHB Scott Lister |
0-0: Called Strike 0-1: Ball 1-1: Called Strike 1-2: Ball 2-2: Strikes out swinging |
| Batting: RHB Chris Temple |
0-0: Called Strike 0-1: SOLO HOME RUN (Flyball, 7D, EV 98.8 MPH), Distance : 408 ft |
| Batting: RHB Walt Alaniz |
0-0: Ball 1-0: Swinging Strike 1-1: Ground out 4-3 (Groundball, 4S, EV 80.6 MPH) |
| Batting: RHB Travis Robinson |
0-0: Ball 1-0: Ball 2-0: Called Strike 2-1: Swinging Strike 2-2: Ground out 4-3 (Groundball, 4, EV 86.9 MPH) |
| Top of the 5th over - 1 run, 1 hit, 0 errors, 0 left on base; Oakland 6 - Miami Beach 0 | |
| BOTTOM OF THE 5TH | |
|---|---|
| Miami Beach Marlins batting - Pitching for Oakland Oaks : RHP Jasper Schrijver | |
| Batting: RHB Mario Cota |
0-0: Ball 1-0: Foul Ball, location: 2F 1-1: Ball 2-1: Foul Ball, location: 2F 2-2: Hit by Pitch |
| Batting: RHB Terrell Smith |
0-0: Ball 1-0: Called Strike 1-1: SINGLE (Flyball, 6MD, EV 83.8 MPH) Mario Cota to second |
| Batting: RHB Clark Meagher |
0-0: Ball 1-0: Ball 2-0: Ball 3-0: Base on Balls Mario Cota to third Terrell Smith to second |
| Batting: RHB Melvin Nava |
0-0: Ball 1-0: DOUBLE (Line Drive, 9LM, EV 108.8 MPH) Mario Cota scores Terrell Smith scores Clark Meagher to third |
| Batting: SHB Emmet Brickowski |
0-0: Ball 1-0: Ball 2-0: Foul Ball, location: 2F 2-1: Foul Ball, location: 2F 2-2: Foul Ball, location: 2F 2-2: Strikes out swinging |
| Batting: RHB Rafael Irizarry |
0-0: Called Strike 0-1: Ball 1-1: Swinging Strike 1-2: Strikes out swinging |
| Batting: LHB Dong-u Chang |
0-0: DOUBLE (Line Drive, 5D, EV 96.9 MPH) Clark Meagher scores Melvin Nava scores |
| Batting: RHB Alberto Bravo |
0-0: Called Strike 0-1: Foul Ball, location: 2F 0-2: Ball 1-2: Strikes out swinging |
| Bottom of the 5th over - 4 runs, 3 hits, 0 errors, 1 left on base; Oakland 6 - Miami Beach 4 | |
| TOP OF THE 6TH | |
|---|---|
| Oakland Oaks batting - Pitching for Miami Beach Marlins : LHP Byron Copeland | |
| Batting: LHB Ed Talamantes |
0-0: Called Strike 0-1: Foul Ball, location: 2F 0-2: Ball 1-2: Ball 2-2: Strikes out swinging |
| Batting: RHB Mike Gangi | 0-0: Ground out 1-3 (Groundball, 13S, EV 64.4 MPH) |
| Batting: RHB Ricardo Claros |
0-0: Ball 1-0: Ball 2-0: Swinging Strike 2-1: Foul Ball, location: 2F 2-2: Strikes out swinging |
| Top of the 6th over - 0 runs, 0 hits, 0 errors, 0 left on base; Oakland 6 - Miami Beach 4 | |
| BOTTOM OF THE 6TH | |
|---|---|
| Miami Beach Marlins batting - Pitching for Oakland Oaks : RHP Jasper Schrijver | |
| Batting: RHB Reomel Somera |
0-0: Ball 1-0: Ball 2-0: Ball 3-0: Called Strike 3-1: Fly out, F7 (Flyball, 7, EV 83.1 MPH) |
| Batting: RHB Mario Cota |
0-0: Foul Ball, location: 2F 0-1: Ball 1-1: Ball 2-1: Ball 3-1: Ground out 4-3 (Groundball, 4MS, EV 70.6 MPH) |
| Batting: RHB Terrell Smith |
0-0: Ball 1-0: SINGLE (Line Drive, 89S, EV 96.9 MPH) |
| Pitching: RHP Victor Sanchez | |
| Batting: RHB Clark Meagher |
0-0: Ball 1-0: Swinging Strike 1-1: Ball 2-1: Swinging Strike 2-2: Ball 3-2: Foul Ball, location: 2F 3-2: Strikes out swinging |
| Bottom of the 6th over - 0 runs, 1 hit, 0 errors, 1 left on base; Oakland 6 - Miami Beach 4 | |
| TOP OF THE 7TH | |
|---|---|
| Oakland Oaks batting - Pitching for Miami Beach Marlins : LHP Byron Copeland | |
| Pitching: RHP Jeremy Akande | |
| Batting: RHB Tim Anderson | 0-0: Reached on error, E3 (Groundball, 34S, EV 83.1 MPH) |
| Batting: RHB Chris Bohm |
0-0: Called Strike Tim Anderson steals 2nd base 0-1: Ball 1-1: Ball 2-1: DOUBLE (Line Drive, 7LM, EV 87.5 MPH) Tim Anderson scores |
| Batting: RHB Scott Lister |
0-0: Ball 1-0: Called Strike 1-1: Ball 2-1: Ball 3-1: Base on Balls |
| Batting: RHB Chris Temple |
0-0: Called Strike 0-1: Ball 1-1: Ball 2-1: SINGLE (Groundball, 34D, EV 99.4 MPH) Chris Bohm to third Scott Lister to second Runner from 3rd tries for Home, SAFE, throw by RF to home |
| Batting: RHB Walt Alaniz |
0-0: Ball 1-0: Foul Ball, location: 2F 1-1: Foul Ball, location: 2F 1-2: Ball 2-2: Foul Ball, location: 2F 2-2: Foul Ball, location: 2F 2-2: SINGLE (Groundball, 34D, EV 101.9 MPH) Scott Lister to third Chris Temple to second Runner from 3rd tries for Home, SAFE, throw by RF to home |
| Pitching: RHP Jamie Rappoport | |
| Batting: RHB Travis Robinson |
0-0: Ball 1-0: Called Strike 1-1: Foul Ball, location: 2F 1-2: Foul Ball, location: 2F 1-2: Grounds into double play, 6-4-3 (Groundball, 6, EV 78.8 MPH) Chris Temple to third |
| Batting: LHB Ed Talamantes |
0-0: Ball 1-0: Ball 2-0: Called Strike 2-1: Foul Ball, location: 2F 2-2: Ball 3-2: Base on Balls |
| Batting: RHB Mike Gangi |
0-0: Foul Ball, location: 2F 0-1: Foul Ball, location: 2F 0-2: Ball 1-2: Foul Ball, location: 2F 1-2: Foul Ball, location: 2F 1-2: Fly out, F7 (Line Drive, 7, EV 90.6 MPH) |
| Top of the 7th over - 3 runs, 3 hits, 1 error, 2 left on base; Oakland 9 - Miami Beach 4 | |
| BOTTOM OF THE 7TH | |
|---|---|
| Miami Beach Marlins batting - Pitching for Oakland Oaks : RHP Victor Sanchez | |
| Batting: RHB Melvin Nava | 0-0: SINGLE (Line Drive, 9S, EV 103.8 MPH) |
| Batting: SHB Emmet Brickowski |
0-0: Called Strike 0-1: Called Strike 0-2: Strikes out swinging |
| Batting: RHB Rafael Irizarry |
0-0: Called Strike 0-1: Ball 1-1: Foul Ball, location: 2F 1-2: Ball 2-2: Strikes out swinging |
| Batting: LHB Dong-u Chang |
0-0: Ball 1-0: Called Strike 1-1: Ball 2-1: Swinging Strike 2-2: Strikes out looking |
| Bottom of the 7th over - 0 runs, 1 hit, 0 errors, 1 left on base; Oakland 9 - Miami Beach 4 | |
| TOP OF THE 8TH | |
|---|---|
| Oakland Oaks batting - Pitching for Miami Beach Marlins : RHP Jamie Rappoport | |
| Batting: RHB Ricardo Claros |
0-0: Called Strike 0-1: Foul Ball, location: 2F 0-2: Strikes out swinging |
| Pitching: LHP Hideo Komatsu | |
| Batting: RHB Tim Anderson | 0-0: Reached on error, E4 (Groundball, 4, EV 86.2 MPH) |
| Batting: RHB Chris Bohm |
0-0: Called Strike 0-1: Swinging Strike 0-2: Ball 1-2: Strikes out swinging |
| Batting: RHB Scott Lister |
0-0: Called Strike 0-1: Swinging Strike 0-2: Ball 1-2: Foul Ball, location: 2F 1-2: Foul Ball, location: 2F 1-2: Strikes out looking |
| Top of the 8th over - 0 runs, 0 hits, 1 error, 1 left on base; Oakland 9 - Miami Beach 4 | |
| BOTTOM OF THE 8TH | |
|---|---|
| Miami Beach Marlins batting - Pitching for Oakland Oaks : RHP Victor Sanchez | |
| Batting: RHB Alberto Bravo |
0-0: Foul Ball, location: 2F 0-1: Ball 1-1: Ball 2-1: Hit by Pitch |
| Batting: RHB Reomel Somera |
0-0: Hit by Pitch Alberto Bravo to second |
| Batting: RHB Mario Cota |
0-0: Swinging Strike 0-1: Called Strike 0-2: Strikes out swinging |
| Batting: RHB Terrell Smith |
0-0: Swinging Strike 0-1: Called Strike 0-2: Strikes out swinging |
| Batting: RHB Clark Meagher |
0-0: Ball 1-0: Ball 2-0: Ball 3-0: Called Strike 3-1: Called Strike 3-2: Strikes out swinging |
| Bottom of the 8th over - 0 runs, 0 hits, 0 errors, 2 left on base; Oakland 9 - Miami Beach 4 | |
| TOP OF THE 9TH | |
|---|---|
| Oakland Oaks batting - Pitching for Miami Beach Marlins : LHP Hideo Komatsu | |
| Batting: RHB Chris Temple |
0-0: Swinging Strike 0-1: Swinging Strike 0-2: Strikes out swinging |
| Batting: RHB Walt Alaniz |
0-0: Called Strike 0-1: Ball 1-1: Foul Ball, location: 2F 1-2: Ball 2-2: SINGLE (Groundball, 6MD, EV 103.8 MPH) |
| Batting: RHB Travis Robinson |
0-0: Ball 1-0: Ball 2-0: Ball 3-0: Called Strike 3-1: Foul Ball, location: 2F 3-2: Strikes out swinging |
| Batting: LHB Ed Talamantes |
0-0: Ball 1-0: Called Strike 1-1: Ball 2-1: Ball 3-1: Foul Ball, location: 2F 3-2: Foul Ball, location: 2F 3-2: Foul Ball, location: 2F 3-2: Foul Ball, location: 2F 3-2: Base on Balls Walt Alaniz to second |
| Batting: RHB Mike Gangi |
0-0: Ball 1-0: Called Strike 1-1: Ball 2-1: Ball 3-1: Foul Ball, location: 2F 3-2: Base on Balls Walt Alaniz to third Ed Talamantes to second |
| Batting: RHB Ricardo Claros |
0-0: Ball 1-0: Swinging Strike 1-1: Ball 2-1: Foul Ball, location: 2F 2-2: Ball 3-2: Base on Balls Walt Alaniz scores Ed Talamantes to third Mike Gangi to second |
| Batting: RHB Tim Anderson |
0-0: Ball 1-0: Ball 2-0: Ball 3-0: Called Strike 3-1: Base on Balls Ed Talamantes scores Mike Gangi to third Ricardo Claros to second |
| Batting: RHB Chris Bohm |
0-0: Called Strike 0-1: Ball 1-1: Ball 2-1: SINGLE (Groundball, 6S, EV 70.6 MPH) (infield hit) Mike Gangi scores Ricardo Claros to third Tim Anderson to second |
| Batting: RHB Scott Lister |
0-0: Ball 1-0: Ball 2-0: Foul Ball, location: 2F 2-1: Foul Ball, location: 2F 2-2: Ball 3-2: Base on Balls Ricardo Claros scores Tim Anderson to third Chris Bohm to second |
| Pitching: RHP Jordan Arcidez | |
| Batting: RHB Chris Temple |
0-0: Foul Ball, location: 2F 0-1: Foul Ball, location: 2F 0-2: Foul Ball, location: 2F 0-2: GRAND SLAM HOME RUN (Line Drive, 78XD, EV 110.0 MPH), Distance : 450 ft |
| Batting: RHB Walt Alaniz |
0-0: Called Strike 0-1: Swinging Strike 0-2: Ball 1-2: Ball 2-2: Foul Ball, location: 2F 2-2: Ball 3-2: Strikes out looking |
| Top of the 9th over - 8 runs, 3 hits, 0 errors, 0 left on base; Oakland 17 - Miami Beach 4 | |
| BOTTOM OF THE 9TH | |
|---|---|
| Miami Beach Marlins batting - Pitching for Oakland Oaks : RHP Victor Sanchez | |
| Batting: RHB Melvin Nava |
0-0: Called Strike 0-1: Foul Ball, location: 2F 0-2: Fly out, F8 (Flyball, 8RD, EV 100.6 MPH) |
| Batting: RHB Manny Gonzalez |
0-0: Called Strike 0-1: Swinging Strike 0-2: Ball 1-2: Foul Ball, location: 2F 1-2: Strikes out swinging |
| Batting: RHB Rafael Irizarry |
0-0: Ball 1-0: Ball 2-0: Called Strike 2-1: Called Strike 2-2: Strikes out swinging |
| Bottom of the 9th over - 0 runs, 0 hits, 0 errors, 0 left on base; Oakland 17 - Miami Beach 4 | |

| Tuesday, September 13th , 2022 - OOTP Baseball 23.7 Build 88 |